 Dungeon Crawl Stone Soup version 0.22-a0-362-g535178c (webtiles) character file.

53 Amnesiac the Grave Robber (level 3, -7/24 HPs)
             Began as a Mummy Necromancer on Apr 20, 2018.
             Shot with an arrow by a centaur (9 damage)
             ... on level 6 of the Dungeon.
             The game lasted 00:02:03 (1621 turns).

Amnesiac the Grave Robber (Mummy Necromancer)       Turns: 1621, Time: 00:02:03

Health: -7/24      AC:  5    Str: 11    XL:     3   Next: 64%
Magic:  8/8        EV: 10    Int: 15    God:
Gold:   52         SH:  0    Dex: 12    Spells: 6/10 levels left

rFire    x . .     SeeInvis .   b - +0 short sword (curse)
rCold    + . .     Gourm    .   (no shield)
rNeg     + + +     Faith    .   c - +0 ring mail
rPois    ∞         Spirit   .   (no helmet)
rElec    .         Reflect  .   (no cloak)
rCorr    .         Harm     .   (no gloves)
MR       .....                  (no boots)
Stlth    +.........             (no amulet)
HPRegen  0.08/turn              (no ring)
MPRegen  0.11/turn              (no ring)

@: no status effects
A: no food or potions, fire vulnerability, cold resistance 1, negative energy
resistance 3, torment resistance, unbreathing
a: no special abilities


You were on level 6 of the Dungeon.
You were not hungry.

You visited 2 branches of the dungeon, and saw 7 of its levels.

You collected 52 gold pieces.

Inventory:

Hand Weapons
 b - a cursed +0 short sword (weapon)
 d - a +0 hunting sling
 g - the +9 dagger of Terra Nullius {pierce, rPois rF+++ Dex-5 SInv, unknown}
   (You found it on level 5 of the Dungeon)

   It inflicts extra damage upon your enemies.
   It affects your dexterity (-5).
   It renders you almost immune to fire.
   It protects you from poison.
   It lets you see invisible.
Missiles
 a - 19 stones (quivered)
Armour
 c - a +0 ring mail (worn)
Scrolls
 f - a scroll of immolation {!r}


   Skills:
 - Level 1.5 Dodging
 - Level 1.5 Stealth
 + Level 4.0 Spellcasting
 + Level 4.7 Necromancy


You had 6 spell levels left.
You knew the following spells:

 Your Spells              Type           Power        Failure   Level  Hunger
a - Pain                  Necr           ###.         6%          1    N/A
d - Vampiric Draining     Necr           ###.......   19%         3    N/A

Dungeon Overview and Level Annotations

Branches:
Dungeon (6/15)             Temple (1/1) D:4

Altars:
Ashenzari
Dithmenos
Fedhas
Gozag
Hepliaklqana
Makhleb
Nemelex Xobeh
Qazlal
Ru
Sif Muna
Trog
Vehumet
Wu Jian
Xom
Yredelemnul
Zin
The Shining One


Innate Abilities, Weirdness & Mutations

You do not eat or drink.
Your flesh is vulnerable to fire.
You are immune to poison.
Your flesh is cold resistant. (rC+)
You are immune to negative energy. (rN+++)
You are immune to unholy pain and torment.
You can survive without breathing.


Message History

You open the door.
Found a murky pink potion.
There is an open door here.
Found a robe.
Found a stone staircase leading down.
You see here a murky pink potion {!q}.
There is a stone staircase leading down here.
You climb downwards.
A hound skeleton comes into view.
There is a stone staircase leading up here.
You hit the hound skeleton.
The hound skeleton is moderately damaged.
The hound skeleton bites you.
You hit the hound skeleton.
The hound skeleton is moderately damaged.
The hound skeleton barely misses you.
The hound skeleton bites you but does no damage.
You barely miss the hound skeleton.
The hound skeleton is moderately damaged.
The hound skeleton closely misses you.
You completely miss the hound skeleton.
The hound skeleton is moderately damaged.
The hound skeleton bites you but does no damage.
The hound skeleton bites you.
You hit the hound skeleton.
The hound skeleton is heavily damaged.
The hound skeleton bites you but does no damage.
You barely miss the hound skeleton.
The hound skeleton is heavily damaged.
The hound skeleton bites you but does no damage.
You closely miss the hound skeleton.
The hound skeleton is heavily damaged.
The hound skeleton misses you.
The hound skeleton bites you but does no damage.
You hit the hound skeleton.
The hound skeleton is severely damaged.
The hound skeleton barely misses you.
You hit the hound skeleton.
The hound skeleton is severely damaged.
The hound skeleton bites you. The hound skeleton barely misses you.
You barely miss the hound skeleton.
The hound skeleton is severely damaged.
The hound skeleton closely misses you.
You hit the hound skeleton but do no damage.
The hound skeleton is severely damaged.
The hound skeleton closely misses you.
You hit the hound skeleton but do no damage.
The hound skeleton is severely damaged.
The hound skeleton bites you but does no damage.
The hound skeleton barely misses you.
You hit the hound skeleton.
You destroy the hound skeleton!
Your Spellcasting skill increases to level 4!
A centaur comes into view.
The centaur shouts!
The centaur wields a shortbow.
The centaur shoots an arrow.
The arrow hits you.
You see here an arrow.
The centaur shoots an arrow.
The arrow hits you!
* * * LOW HITPOINT WARNING * * *
You see here an arrow.
There is a stone staircase leading up here.
The centaur shoots an arrow.
The arrow hits you.
* * * LOW HITPOINT WARNING * * *
The centaur shoots an arrow.
The arrow hits you!
You die...

...###..#..#
.......#..#
......#..#
........ ......
##...# ##....#
.##..((.##
#........@.#
...........#
..c.........#
..............
...............
.................
.................
...............


You could see a centaur.

Vanquished Creatures
  A hound skeleton (D:6)
  2 gnolls (D:3)
  An adder (D:1)
  An ooze (D:2)
  An orc (D:2)
  A hobgoblin (D:1)
  2 kobolds (D:2)
  2 rats (D:1)
11 creatures vanquished.

Notes
Turn   | Place    | Note
-------+----------+-------------------------------------------
     0 | D:1      | Amnesiac the Mummy Necromancer began the quest for the Orb.
     0 | D:1      | Reached XP level 1. HP: 13/13 MP: 4/4
   370 | D:1      | Reached XP level 2. HP: 17/19 MP: 0/6
  1011 | D:3      | Found a sparkling altar of Nemelex Xobeh.
  1025 | D:3      | Reached XP level 3. HP: 24/24 MP: 1/8
  1030 | D:3      | Learned a level 3 spell: Vampiric Draining
  1424 | D:4      | Found a staircase to the Ecumenical Temple.
  1429 | Temple   | Entered the Ecumenical Temple
  1587 | D:5      | Entered Level 5 of the Dungeon
  1591 | D:5      | Got a brightly glowing dagger
  1618 | D:6      | Noticed a centaur
  1621 | D:6      | Shot with an arrow by a centaur

Vault maps used:
D:1:      dpeg_arrival_signposts
D:2:      ashenzari_altar_1
D:3:      old_standard_altar
D:4:      temple_doors_e, first_ration, uniq_duvessa
D:6:      kennysheep_mini_moat, uniq_blork_the_orc
Temple:   nicolae_temple_elliptical

Skill      XL: |  1  2  3 |
---------------+----------+-----
Spellcasting   | 3 4 |  4.0
Dodging        | |  1.5
Stealth        | |  1.5
Necromancy     | |  4.7

Action                   || total
-------------------------++-------
Melee: Unarmed           ||     7
       Short sword       ||    19
 Cast: Pain              ||    30
  Use: Scroll            ||     1
Armor: Ring mail         ||    14
Dodge: Dodged            ||    27

Table legend:
 A = Spawn XP
 B = Non-spawn XP
 C = Spawn XP percentage of total XP
 D = Spawn monster count
 E = Non-spawn monster count
 F = Spawn count percentage of total count
 G = Total turns spent on level
                    A         B        C        D         E        F      G
               +---------+---------+-------+---------+---------+-------+---------
         Total |       0 |      77 |   0.0 |       0 |      11 |   0.0 |  1621
               +---------+---------+-------+---------+---------+-------+---------
           D:1 |       0 |      17 |   0.0 |       0 |       4 |   0.0 |   386
           D:2 |       0 |      14 |   0.0 |       0 |       4 |   0.0 |   603
           D:3 |       0 |      28 |   0.0 |       0 |       2 |   0.0 |   402
           D:6 |       0 |      18 |   0.0 |       0 |       1 |   0.0 |    18
               +---------+---------+-------+---------+---------+-------+---------
